 Dungeon Crawl Stone Soup version 0.22-a0-254-gaf95ca0 (webtiles) character file.

223 Moebius the Grave Robber (level 6, -2/41 HPs)
             Began as a Human Necromancer on Mar 4, 2018.
             Killed from afar by an orc wizard (7 damage)
             ... with a magic dart
             ... on level 3 of the Dungeon.
             The game lasted 00:18:27 (3625 turns).

Moebius the Grave Robber (Human Necromancer)        Turns: 3625, Time: 00:18:32

Health: -2/41      AC:  2    Str:  8    XL:     6   Next: 20%
Magic:  6/12       EV: 12    Int: 17    God:
Gold:   129        SH:  0    Dex: 14    Spells: 4/13 levels left

rFire    . . .     SeeInvis .   j - -1 dagger (curse)
rCold    . . .     Gourm    .   (no shield)
rNeg     . . .     Faith    .   a - +0 robe
rPois    .         Spirit   .   (helmet restricted)
rElec    .         Reflect  .   (no cloak)
rCorr    .         Harm     .   (no gloves)
MR       .....                  (no boots)
Stlth    +.........             (no amulet)
HPRegen  0.53/turn              (no ring)
MPRegen  0.13/turn              (no ring)

@: confused
A: antennae 1, sense surroundings 1, regeneration 1
a: no special abilities


You were on level 3 of the Dungeon.
You were hungry.

You visited 1 branch of the dungeon, and saw 4 of its levels.

You collected 129 gold pieces.

Inventory:

Hand Weapons
 d - a +0 dagger
 j - a cursed -1 dagger (weapon)
 l - a +0 hunting sling
 t - a +0 dagger of speed
 v - a +0 hunting sling
 y - a +1 trident of freezing
Missiles
 e - a javelin (quivered)
 g - 178 stones
 h - 46 sling bullets
 n - 7 needles of confusion
 o - 8 arrows
 r - 13 poisoned needles
 z - 3 tomahawks of dispersal
Armour
 a - a +0 robe (worn)
Jewellery
 u - an uncursed ring of positive energy
Wands
 p - a wand of digging (5)
 s - a wand of flame (21)
Scrolls
 b - 4 scrolls of identify
 q - 2 scrolls of amnesia
 x - 2 scrolls of teleportation
Potions
 i - 2 potions of invisibility {unknown}
 k - a potion of agility {unknown}
 m - 2 potions of curing {unknown}
Comestibles
 c - 9 rations
 w - 6 chunks of flesh


   Skills:
 + Level 0.3 Fighting
 + Level 0.1 Short Blades
 + Level 0.2 Throwing
 - Level 2.0 Dodging
 - Level 2.0 Stealth
 + Level 4.0 Spellcasting
 + Level 5.7 Necromancy


You had 4 spell levels left.
You knew the following spells:

 Your Spells              Type           Power        Failure   Level  Hunger
a - Pain                  Necr           ###.         1%          1    None
b - Animate Skeleton      Necr           N/A          1%          1    None
c - Vampiric Draining     Necr           ###.......   4%          3    ###....
d - Animate Dead          Necr           N/A          16%         4    ####...


Dungeon Overview and Level Annotations

Branches:
Dungeon (4/15)
 Temple: D:4-7

Altars:
Gozag
Ru
Wu Jian

Shops:
D:4 (


Innate Abilities, Weirdness & Mutations

You have a pair of small antennae on your head.
You passively map a small area around you.
Your natural rate of healing is unusually fast.


Message History

The orc wizard hits you with an enchanted dagger.
* * * LOW HITPOINT WARNING * * *
The orc wizard hits you with a dagger.
* * * LOW HITPOINT WARNING * * *
You climb upwards.
There is a stone staircase leading down here.
Unknown command.
The orc wizard gestures at you while chanting.
The magic dart hits you!
* * * LOW HITPOINT WARNING * * *
The orc wizard casts a spell at you. The magic dart hits you!
* * * LOW HITPOINT WARNING * * *
It was a potion of ambrosia.
You are confused.
You feel invigorated.
The orc wizard hits you but does no damage.
The orc wizard points at you and mumbles some strange words.
The magic dart hits you!
You die...

#.# #...............
#.# #.###.########.#
#.###.###.# #.#
#[.>......# #.#
#####.##### ##'# #.#
##... #.#### ##....
#####.##.## ##.....
#..@o.)...####......
#[###>o......'......
# #......###...... *
####.#.####.....
.######.#..........
........#..#####...
#####.........>...#
#.###..##.##..# #.
#..##......


You could see 2 orc wizards.

Vanquished Creatures
  An orc wizard (D:4)
  A centaur skeleton (D:4)
  Terence (D:2)
  Robin (D:2)
  6 adders
  A dart slug (D:3)
  4 leopard geckos
  7 orcs
  4 bats
  2 giant cockroaches (D:3)
  11 goblins
  5 hobgoblins
  7 jackals (D:3)
  6 kobolds
  A quokka (D:2)
  A ball python (D:3)
  4 frilled lizards
  4 rats
67 creatures vanquished.

Vanquished Creatures (collateral kills)
  An adder (D:2)
  A dart slug (D:1)
  2 giant cockroaches
  A goblin (D:2)
  A frilled lizard (D:3)
6 creatures vanquished.

Grand Total: 73 creatures vanquished

Notes
Turn   | Place    | Note
-------+----------+-------------------------------------------
     0 | D:1      | Moebius the Human Necromancer began the quest for the Orb.
     0 | D:1      | Reached XP level 1. HP: 13/13 MP: 3/3
    28 | D:1      | Learned a level 1 spell: Animate Skeleton
   127 | D:1      | Reached XP level 2. HP: 7/19 MP: 1/5
   701 | D:1      | Gained mutation: Your natural rate of healing is unusually fast. [potion of mutation]
   701 | D:1      | Gained mutation: You passively map a small area around you. [potion of mutation]
   701 | D:1      | Gained mutation: You have a pair of small antennae on your head. [potion of mutation]
  1291 | D:2      | Found a sacrificial altar of Ru.
  1386 | D:2      | Found a faded altar of an unknown god.
  1396 | D:2      | Reached XP level 3. HP: 23/24 MP: 1/6
  1401 | D:2      | Learned a level 3 spell: Vampiric Draining
  1611 | D:2      | Found an opulent altar of Gozag.
  1618 | D:2      | Noticed Terence
  1641 | D:2      | Killed Terence
  1746 | D:2      | Reached XP level 4. HP: 30/30 MP: 6/8
  1777 | D:2      | Noticed Robin
  1786 | D:2      | Killed Robin
  2132 | D:3      | Reached skill level 5 in Necromancy
  2279 | D:3      | Reached XP level 5. HP: 33/35 MP: 2/10
  2749 | D:3      | Found an ornate altar of the Wu Jian Council.
  3025 | D:3      | Learned a level 4 spell: Animate Dead
  3033 | D:4      | Found Buewk's Antique Weapon Shop.
  3033 | D:4      | Noticed an ogre
  3557 | D:4      | Reached XP level 6. HP: 39/41 MP: 1/11
  3623 | D:3      | HP: 1/41 [orc wizard/magic dart (7)]
  3625 | D:3      | Killed from afar by an orc wizard

Vault maps used:
D:1:      dpeg_arrival_oval
D:2:      nicolae_ru_awakened_eye, chequers_ecumenical_altar_simple,
          nicolae_gozag_cash_rules_everything_around_me, uniq_terence,
          uniq_robin
D:3:      old_standard_altar, wad_rectangle_vault
D:4:      serial_shops, shop

Skill      XL: |  1  2  3  4  5  6 |
---------------+-------------------+-----
Spellcasting   | 3 4 |  4.0
Necromancy     | 5 |  5.7
Fighting       | |  0.3
Short Blades   | |  0.1
Throwing       | |  0.2
Dodging        | |  2.0
Stealth        | |  2.0

Action                   |  1- 3 |  4- 6 || total
-------------------------+-------+-------++-------
Melee: Unarmed           |     6 |       ||     6
       Dagger            |    11 |   106 ||   117
Throw: Javelin           |     5 |     5 ||    10
       Stone             |       |     1 ||     1
 Cast: Pain              |    33 |    96 ||   129
       Animate Skeleton  |    10 |    28 ||    38
       Vampiric Draining |       |     4 ||     4
  Use: Scroll            |     2 |     6 ||     8
       Potion            |     1 |     1 ||     2
  Eat: Chunk             |     3 |     6 ||     9
Armor: Robe              |    14 |    31 ||    45
Dodge: Dodged            |    29 |   111 ||   140

Table legend:
 A = Spawn XP
 B = Non-spawn XP
 C = Spawn XP percentage of total XP
 D = Spawn monster count
 E = Non-spawn monster count
 F = Spawn count percentage of total count
 G = Total turns spent on level
                    A         B        C        D         E        F      G
               +---------+---------+-------+---------+---------+-------+---------
         Total |       0 |     319 |   0.0 |       0 |      73 |   0.0 |  3625
               +---------+---------+-------+---------+---------+-------+---------
           D:1 |       0 |      22 |   0.0 |       0 |      13 |   0.0 |  1268
           D:2 |       0 |      92 |   0.0 |       0 |      14 |   0.0 |   762
           D:3 |       0 |      85 |   0.0 |       0 |      35 |   0.0 |  1324
           D:4 |       0 |     120 |   0.0 |       0 |      11 |   0.0 |   271
               +---------+---------+-------+---------+---------+-------+---------
